 Dungeon Crawl Stone Soup version 0.25-a0-517-gf8b3a32422 (webtiles) character file.

Game seed: 14742914983646017014, levelgen mode: deterministic

33 vurker the Gusty (level 3, -4/20 HPs)
             Began as a Tengu Air Elementalist on Feb 18, 2020.
             Slain by a bullfrog (7 damage)
             ... on level 2 of the Dungeon.
             The game lasted 00:01:58 (1258 turns).

vurker the Gusty (Tengu Air Elementalist)           Turns: 1258, Time: 00:01:58

Health: -4/20      AC:  2    Str:  8    XL:     3   Next: 29%
Magic:  2/7        EV: 12    Int: 16    God:
Gold:   91         SH:  0    Dex: 14    Spells: 6/7 levels left

rFire    . . .     SeeInvis .   (no weapon)
rCold    . . .     Gourm    .   (no shield)
rNeg     . . .     Faith    .   a - +0 robe
rPois    .         Spirit   .   (helmet restricted)
rElec    .         Reflect  .   (no cloak)
rCorr    .         Harm     .   (no gloves)
MR       .....                  (boots unavailable)
Stlth    ++........             (no amulet)
HPRegen  0.06/turn              (no ring)
MPRegen  0.10/turn              (no ring)

@: no status effects
A: beak, talons 3
a: no special abilities


You were on level 2 of the Dungeon.
You were not hungry.

You visited 1 branch of the dungeon, and saw 2 of its levels.

You collected 91 gold pieces.

Inventory:

Armour
 a - a +0 robe (worn)
Scrolls
 c - 2 scrolls of teleportation {unknown}
 f - 3 scrolls of remove curse {unknown}
 g - a scroll of magic mapping {unknown}
 h - 2 scrolls of enchant armour {unknown}
 i - a scroll of identify {unknown}
Potions
 b - a potion of ambrosia {unknown}
 d - a potion of magic {unknown}
 j - a potion of curing {unknown}
Comestibles
 e - 2 rations
 k - 4 chunks of flesh


   Skills:
 + Level 0.8 Fighting
 - Level 2.1 Dodging
 - Level 2.0 Stealth
 * Level 2.5 Spellcasting
 + Level 2.0 Conjurations
 * Level 4.6 Air Magic


You had 6 spell levels left.
You knew the following spells:

 Your Spells              Type           Power        Failure   Level  Hunger
a - Shock                 Conj/Air       ##..         4%          1    #......

Your spell library contained the following spells:

 Spells                   Type           Power        Failure   Level  Hunger
 Swiftness                Chrm/Air       #.......     12%         2    ##.....
 Static Discharge         Conj/Air       ##......     14%         3    ###....
 Airstrike                Air            ###.......   28%         4    #####..
 Lightning Bolt           Conj/Air       ##........   80%         5    ######.


Dungeon Overview and Level Annotations

Branches:
Dungeon (2/15)

Altars:


Innate Abilities, Weirdness & Mutations

You have a beak for a mouth.
You have claws for feet.


Message History

A rat is nearby!
Aim: a rat (hasn't noticed you)
The zap hits the rat.
You kill the rat!
You are feeling hungry.
You can't see any susceptible monsters within range! (Use Z to cast anyway.)
You can't see any susceptible monsters within range! (Use Z to cast anyway.)
You can't see any susceptible monsters within range! (Use Z to cast anyway.) Eating one of 4 chunks of flesh.
You eat one of the 4 chunks of flesh.
Found 11 gold pieces.
You see here a bat corpse.
You butcher the bat corpse.
k - 4 chunks of flesh (gained 1)
You see here a bat skeleton. x2
You now have 75 gold pieces (gained 13).
You butcher the rat corpse.
k - 5 chunks of flesh (gained 1)
You see here a rat skeleton. x2
You now have 86 gold pieces (gained 11).
You now have 91 gold pieces (gained 5).
Some of the chunks of flesh in your inventory have rotted away.
A bullfrog and a goblin come into view.
Found a scroll labeled JAARUS ZUSHOBI.
There are monsters nearby!
Aim: a goblin, wielding a +0 club (resting)
The zap hits the goblin.
The bullfrog croaks.
Aim: a goblin, wielding a +0 club (severely wounded)
The zap misses the goblin.
Aim: a goblin, wielding a +0 club (severely wounded)
The zap hits the goblin.
You kill the goblin!
You can't see any susceptible monsters within range! (Use Z to cast anyway.)
The bullfrog hits you. The bullfrog hits you. The bullfrog closely misses you.
The bullfrog closely misses you.
Okay, then.
Aim: a bullfrog The zap hits the bullfrog.
The bullfrog snags a nearby blue-tailed skink with its tongue.
The bullfrog closely misses you. The bullfrog hits you!
* * * LOW HITPOINT WARNING * * *
Aim: a bullfrog (lightly wounded)
The zap hits the bullfrog.
The bullfrog misses you.
Aim: a bullfrog (lightly wounded)
The zap hits the bullfrog.
The bullfrog hits you.
* * * LOW HITPOINT WARNING * * *
The bullfrog hits you!
You die...

##..##...###
##..##.÷...#
##.........##
#...##....##
##.....÷..## #..#
#...#.#..## #..#
#.#......# #..#
#F#####..# #..###@#
#..# #....#.#####..#
######.#..........#
#..........######..#
#............###
.##≈.
#.......>..#...#
.#.##≈
#..........###.####
≈ # #..........#
#..### ≈≈
#..........# ##...#
#.


You could see a bullfrog.

Vanquished Creatures
  An adder (D:2)
  A dart slug (D:2)
  A leopard gecko (D:1)
  5 bats
  5 goblins
  A hobgoblin (D:1)
  2 quokkas (D:2)
  A frilled lizard (D:1)
  3 kobolds (D:1)
  A rat (D:2)
21 creatures vanquished.

Notes
Turn   | Place    | Note
-------+----------+-------------------------------------------
     0 | D:1      | vurker the Tengu Air Elementalist began the quest for the
                  | Orb.
     0 | D:1      | Reached XP level 1. HP: 10/10 MP: 4/4
   342 | D:1      | Reached XP level 2. HP: 15/15 MP: 4/6
  1175 | D:2      | Reached XP level 3. HP: 20/20 MP: 4/7
  1241 | D:2      | Noticed a bullfrog
  1258 | D:2      | Slain by a bullfrog

Levels and vault maps discovered:
D:1:      minmay_arrival_checkered_box, layout_basic
D:2:      layout_rooms, tgw_xom, first_ration, kennysheep_crisscross,
          minmay_split_cup_small

Skill      XL: |  1  2 |
---------------+-------+-----
Conjurations   | 2 |  2.0
Fighting       | |  0.8
Dodging        | |  2.1
Stealth        | |  2.0
Spellcasting   | |  2.5
Air Magic      | |  4.6

Action                   || total
-------------------------++-------
Melee: Unarmed           ||     4
 Cast: Shock             ||    51
  Eat: Chunk             ||     2
Armor: Robe              ||     4
Dodge: Dodged            ||    15

Table legend:
 A = Non-vault XP
 B = Vault XP
 C = Vault XP percentage of total XP
 D = Non-vault monster count
 E = Vault monster count
 F = Vault count percentage of total count
                 A         B        C        D         E       F
            +---------+---------+-------+---------+---------+-------
      Total |      48 |       0 |   0.0 |      21 |       0 |   0.0
            +---------+---------+-------+---------+---------+-------
        D:1 |      21 |       0 |   0.0 |      13 |       0 |   0.0
        D:2 |      27 |       0 |   0.0 |       8 |       0 |   0.0
            +---------+---------+-------+---------+---------+-------
